 Dungeon Crawl Stone Soup version 0.30-a0-643-g638baaf3f0 (webtiles) character file.

Game seed: 1482030717772174090

65 Citaku the Covered (level 3, -1/33 HPs)
             Began as a Minotaur Fighter on Jan 16, 2023.
             Slain by Sigmund
             ... wielding a +0 scythe
              (5 damage)
             ... on level 3 of the Dungeon.
             The game lasted 00:01:50 (1370 turns).

Citaku the Covered (Minotaur Fighter)               Turns: 1370, Time: 00:01:51

Health: -1/33      AC: 10    Str: 22    XL:     3   Next: 94%
Magic:  2/2        EV:  9    Int:  5    God:
Gold:   161        SH:  4    Dex:  9    Spells: 2/2 levels left

rFire   . . .      SeeInvis .    a - +0 war axe
rCold   . . .      Faith    .    c - +0 buckler
rNeg    . . .      Spirit   .    b - +0 scale mail
rPois   .          Reflect  .    (helmet restricted)
rElec   .          Harm     .    (no cloak)
rCorr   .          Rampage  .    (no gloves)
Will    .....                    g - +2 pair of boots Stlth
                                 (no amulet)
HPRegen 0.25/turn                (no ring)
MPRegen 0.08/turn                (no ring)

@: mighty, lethally poisoned (-1 -> -4)
A: horns 2, retaliatory headbutt
a: no special abilities


You were on level 3 of the Dungeon.
You visited 1 branch of the dungeon, and saw 3 of its levels.

You collected 161 gold pieces.

Inventory:

Hand Weapons
 a - a +0 war axe (weapon)
Armour
 b - a +0 scale mail (worn)
 c - a +0 buckler (worn)
 g - a +2 pair of boots (worn)
Scrolls
 h - a scroll of fog {unknown}
 i - 2 scrolls of amnesia {unknown}
 j - 4 scrolls of teleportation {unknown}
 k - a scroll of poison {unknown}
 m - a scroll of vulnerability {unknown}
 o - a scroll of silence {unknown}
Potions
 e - 4 potions of brilliance {unknown}
 f - a potion of ambrosia {unknown}
 l - a potion of haste {unknown}
 n - 3 potions of mutation {unknown}
 p - 2 potions of magic {unknown}


   Skills:
 + Level 4.1 Fighting
 * Level 3.5 Axes
 * Level 4.5 Armour
 + Level 4.1 Shields


You had 2 spell levels left.
You didn't know any spells.
Your spell library contained the following spells:

 Spells                   Type           Power      Damage    Failure   Level
 Ensorcelled Hibernation  Hex/Ice        0%         N/A       95%         2
 Spider Form              Tmut/Pois      0%         N/A       99%         3
 Anguish                  Hex/Necr       0%         N/A       100%        4


Dungeon Overview and Level Annotations

Branches:
Dungeon (3/15)

Altars:
Vehumet

Annotations:
D:3 Natasha, Sigmund


Innate Abilities, Weirdness & Mutations

You have a pair of horns on your head.
You reflexively headbutt those who attack you in melee.


Message History

The magic dart hits you. You block the ball python's attack.
The ball python closely misses you.
The crimson imp hits you but does no damage.
Natasha claws you but does no damage.
You are too injured to fight recklessly!
You are too injured to fight recklessly!
You are too injured to fight recklessly!
You are too injured to fight recklessly!
You are too injured to fight recklessly!
You are too injured to fight recklessly!
You are too injured to fight recklessly!
You are too injured to fight recklessly!
You are too injured to fight recklessly!
You are too injured to fight recklessly!
You are too injured to fight recklessly!
You are too injured to fight recklessly!
You are too injured to fight recklessly!
You are too injured to fight recklessly!
You are too injured to fight recklessly!
You are too injured to fight recklessly!
You are too injured to fight recklessly!
You are too injured to fight recklessly!
You feel very mighty all of a sudden.
You feel sick. The ball python bites you. The ball python closely misses you.
The crimson imp misses you. You furiously retaliate!
You headbutt the crimson imp!!
You kill the crimson imp!
The crimson imp disappears in a puff of smoke!
Natasha claws you but does no damage.
You barely miss Natasha. You closely miss the crimson imp.
You slash the ball python!
You kill the ball python!
You feel sick. You block the crimson imp's attack.
Something hits you but does no damage. Natasha claws you but does no damage.
The crimson imp hits you but does no damage.
You barely miss Natasha. You barely miss the crimson imp.
You feel sick. Natasha claws you.
* * * LOW HITPOINT WARNING * * *
Something hits you.
You die...

#..###.#............#
..........#..##..)..#..#
..............#.....#...
.#............#.........
......................##
##....###...........#.#
......###.?.......###.#
......5...........# #
.......@...........
.#....)h..........
#....{#..........
..........#..###.#
..........#..# .#
...............
.#..#.##..##.## ...##
..#


You could see Natasha and a crimson imp (summoned).

Vanquished Creatures
  2 adders
  An orc (D:3)
  4 endoplasms
  A giant cockroach (D:1)
  5 goblins
  2 hobgoblins (D:2)
  A quokka (D:2)
  3 ball pythons
  3 bats
  5 kobolds
  23 rats
50 creatures vanquished.

Notes
Turn   | Place    | Note
-------+----------+-------------------------------------------
     0 | D:1      | Citaku the Minotaur Fighter began the quest for the Orb.
     0 | D:1      | Reached XP level 1. HP: 19/19 MP: 0/0
   184 | D:1      | Reached XP level 2. HP: 24/27 MP: 1/1
   926 | D:2      | Reached XP level 3. HP: 33/33 MP: 2/2
  1278 | D:3      | Found a radiant altar of Vehumet.
  1361 | D:3      | Noticed Natasha
  1363 | D:3      | Noticed Sigmund
  1370 | D:3      | Slain by Sigmund

Illustrated notes

Levels and vault maps discovered:
D:1:      lightli_arrival_boilingwater, layout_loops_ring,
          kennysheep_pointless_box
D:2:      layout_rooms, minmay_rat_hole
D:3:      layout_basic, vehumet_statue, lightli_sewer_entry_pipes,
          dreamdust_ecumenical_altar_grove,
          hangedman_abyss_or_decor_lesser_grid, uniq_grinder, uniq_terence,
          uniq_sigmund, uniq_natasha

Skill      XL: |  1  2  3 |
---------------+----------+-----
Axes           | 3 |  3.5
Armour         | 4 |  4.5
Fighting       | 4 |  4.1
Shields        | 4 |  4.1

Action                   || total
-------------------------++-------
Melee: War axe           ||   124
       Headbutt          ||    13
  Use: Potion            ||     1
Armor: Scale mail        ||    83
Dodge: Dodged            ||    53
Block: Buckler           ||    17

Table legend: (Time is in decaauts)
 A = Elapsed time spent in this place.
 B = Non-inter-level travel time spent in this place.
 C = Inter-level travel time spent in this place.
 D = Time resting spent in this place.
 E = Time spent auto-exploring this place.
 F = Levels seen in this place.
 G = Mean time per level.
                   A        B        C        D        E       F      G
               +--------+--------+--------+--------+--------+-----+--------+
         Total |   1420 |   1353 |     67 |      0 |   1052 |   3 |  473.3 |
       Dungeon |   1420 |   1353 |     67 |      0 |   1052 |   3 |  473.3 |
               +--------+--------+--------+--------+--------+-----+--------+

Top non-repeatable levels by time:
     D:1: 771 daAuts
     D:2: 496 daAuts
     D:3: 153 daAuts
